cohdb
Replays
Latest Replays
All Replays
Popular Replays
Top Player Replays
Match Explorer
How It Works
Community
CoH3 Stats
Reddit
Sign in to upload your games and track your stats! →
Sign in with Steam
Match 46811394
Unlisted
Match 46811394
Overview
Messages
Build Orders
End
Construct Weapon Support Center
Scout Squad
M1919 Machine Gun Team
Scout Squad
Engineer Squad
M1919 Machine Gun Team
Selects Advanced Infantry Battlegroup
Infantry Support Center
M3 Armored Personnel Carrier
Selects Artillery Observers
Sniper
M3 Armored Personnel Carrier
Selects Convert to Ranger Squad
Bazooka Squad
Bazooka Squad
Construct Tank Depot
Selects Convert to Ranger Squad
Selects Designate Assault Position
Selects Infantry Assault
Infantry Assault
M4(105) Sherman Bulldozer
Selects M2A1 105mm Howitzer Emplacement
Infantry Assault
Engineer Squad
M18 Hellcat Tank Destroyer
Infantry Assault
M18 Hellcat Tank Destroyer
Engineer Squad
laytovskiy
♠♣ Kvothe ♠♣
0
0
Comments
sign in to comment!
No comments posted yet!